 Dungeon Crawl Stone Soup version 0.31-a0-175-g9f7f995f2b (webtiles) character file.

Game seed: 15295435441482942578

67 qw the Shooter (level 4, 0/27 HPs)
             Began as a Gargoyle Hunter on June 16, 2023.
             Slain by Terence
             ... wielding a +2 hand axe of venom
              (2 damage)
             ... on level 2 of the Dungeon.
             The game lasted 00:00:22 (819 turns).

qw the Shooter (Gargoyle Hunter)                     Turns: 819, Time: 00:00:22

Health: 0/27       AC:  6    Str: 15    XL:     4   Next: 16%
Magic:  4/4        EV: 11    Int:  9    God:
Gold:   113        SH:  0    Dex: 15    Spells: 3/3 levels left

rFire   . . .        Y - +0 shortbow
rCold   . . .        (shield currently unavailable)
rNeg    + . .        c - +0 leather armour
rPois   inf          (no helmet)
rElec   +            (no cloak)
rCorr   .            (no gloves)
SInv    .            (no boots)
Will    .....        (no amulet)
Stlth   ++           (no ring)
HPRegen 0.24/turn    (no ring)
MPRegen 0.09/turn

%: no passive effects
@: about to teleport
A: sickness immunity, AC +3, negative energy resistance 1, electricity
resistance, torment resistance 1, petrification resistance
a: no special abilities


You were on level 2 of the Dungeon.
You visited 1 branch of the dungeon, and saw 2 of its levels.

You collected 113 gold pieces.


Innate Abilities, Weirdness & Mutations

You are immune to sickness and miasma.
Your stone body is resilient. (AC +3)
You are immune to poison.
You resist negative energy. (rN+)
You are resistant to electric shocks. (rElec)
You are resistant to unholy torment.
You are immune to petrification.


   Skills:
 + Level 2.8 Fighting
 - Level 5.3 Ranged Weapons
 - Level 1.5 Dodging
 - Level 1.1 Stealth


You had 3 spell levels left.
You didn't know any spells.
Your spell library was empty.

Inventory:

Hand Weapons
 Y - a +0 shortbow (weapon)
Armour
 b - a +0 pair of boots
 c - a +0 leather armour (worn)
Scrolls
 a - a scroll of identify
 f - a scroll of immolation {unknown}
Potions
 e - 2 potions of lignification {unknown}
 g - a potion of invisibility {unknown}
 h - a potion of magic {unknown}

Dungeon Overview and Level Annotations

Branches:
Dungeon (2/15)

Altars:

Annotations:
D:2 Terence


Message History

Terence is lightly wounded.
You shoot an arrow.
The arrow hits Terence but does no damage.
Terence is lightly wounded.
Terence says, "How do you enjoy it?"
You shoot an arrow. The arrow barely misses Terence.
You shoot an arrow.
The arrow hits Terence but does no damage.
Terence is lightly wounded.
You shoot an arrow. The arrow hits Terence.
Terence is lightly wounded.
Terence hits you with a +2 hand axe of venom.
You shoot an arrow. The arrow hits Terence.
Terence is moderately wounded.
Terence barely misses you.
You shoot an arrow.
The arrow hits Terence but does no damage.
Terence is moderately wounded.
Terence hits you with a +2 hand axe of venom!
You shoot an arrow.
The arrow hits Terence but does no damage.
Terence is moderately wounded.
Terence hits you with a +2 hand axe of venom.
You shoot an arrow.
The arrow hits Terence but does no damage.
Terence is moderately wounded.
Terence hits you with a +2 hand axe of venom!
You shoot an arrow. The arrow hits Terence.
Terence is moderately wounded.
Terence hits you with a +2 hand axe of venom.
817 ||| READING scroll of teleportation.
As you read the scroll of teleportation, it crumbles to dust.
You feel strangely unstable.
Terence hits you with a +2 hand axe of venom.
You shoot an arrow. The arrow hits Terence.
Terence is moderately wounded.
Terence closely misses you.
You shoot an arrow. The arrow closely misses Terence.
Terence hits you with a +2 hand axe of venom.
You die...

.......# .......##
........# ........#
........# #######
#### ........#
##.....##....
###.###.#
##............
#...#.#
#.........$...
###.#<#
#.....@@......
#.#.###.............
#....##.....#...####
##
###..##.....###..%#
.######..##.....#
##...
......#..###....# ..
#####.%.........# .
#############


You could see Terence.

Vanquished Creatures
  A hound (D:2)
  An adder (D:2)
  2 worms (D:2)
  3 bats
  An endoplasm (D:1)
  4 goblins
  A hobgoblin (D:1)
  3 kobolds (D:1)
  A quokka (D:1)
  4 ball pythons (D:1)
  4 rats
25 creatures vanquished.

Notes
Turn   | Place    | Note
-------+----------+-------------------------------------------
     0 | D:1      | qw the Gargoyle Hunter began the quest for the Orb.
     0 | D:1      | Reached XP level 1. HP: 12/12 MP: 1/1
     0 | D:1      | 0 ||| qw: Version: 0.2-a-29-g511e9b1
     0 | D:1      | 0 ||| qw: Game counter: 15
     0 | D:1      | 0 ||| qw: Always use a shield: true
     0 | D:1      | 0 ||| qw: God list: Okawaru
     0 | D:1      | 0 ||| qw: Allow faded altars: false
     0 | D:1      | 0 ||| qw: Do Orc after D:15 true
     0 | D:1      | 0 ||| qw: Do second Lair branch before Depths: true
     0 | D:1      | 0 ||| qw: Lair rune preference: random
     0 | D:1      | 0 ||| qw: Plans: Normal, Zot:1-4, Slime:5, God:TSO, Crypt,
                  | Tomb, Abyss, Pan, Hells, Win
     0 | D:1      | 0 ||| PLANNING D:1-11
    23 | D:1      | Found a faded altar of an unknown god.
   106 | D:1      | Reached XP level 2. HP: 17/17 MP: 2/2
   595 | D:1      | 595 ||| READING scroll labelled ULATOA HAPSOST.
   596 | D:1      | 596 ||| READING scroll labelled CISTRE LYMUDAR.
   599 | D:1      | 599 ||| READING scroll labelled QAFATIVUBB.
   600 | D:1      | 600 ||| DROPPING scroll of butterflies.
   652 | D:2      | Reached skill level 5 in Ranged Weapons
   652 | D:2      | Reached XP level 3. HP: 21/21 MP: 3/3
   748 | D:2      | Reached XP level 4. HP: 27/27 MP: 4/4
   805 | D:2      | Noticed Terence
   816 | D:2      | HP: 5/27 [Terence/+2 hand axe of venom (4)]
   817 | D:2      | 817 ||| READING scroll of teleportation.
   817 | D:2      | HP: 2/27 [Terence/+2 hand axe of venom (3)]
   819 | D:2      | Slain by Terence

Levels and vault maps discovered:
D:1:      grunt_arrival_crossed_arrows, layout_basic,
          hellmonk_ecumenical_altar_zigzags, st_stairs_12
D:2:      layout_rooms, serial_curves, eino_curves_02, eino_curves_04,
          eino_curves_04, eino_curves_03, uniq_terence, uniq_jessica

Skill      XL: |  1  2 |
---------------+-------+-----
Ranged Weapons | 5 |  5.3
Fighting       | |  2.8
Dodging        | |  1.5
Stealth        | |  1.1

Action                     |  1- 3 |  4- 6 || total
---------------------------+-------+-------++-------
   Fire: Shortbow          |    63 |    21 ||    84
    Use: Scroll            |     3 |     1 ||     4
 Armour: Leather armour    |     2 |     1 ||     3
  Dodge: Dodged            |     6 |     4 ||    10

Table legend:
 A = Non-vault XP
 B = Vault XP
 C = Vault XP percentage of total XP
 D = Non-vault monster count
 E = Vault monster count
 F = Vault count percentage of total count
                 A         B        C        D         E       F
            +---------+---------+-------+---------+---------+-------
      Total |      93 |       3 |   3.1 |      23 |       2 |   8.0
            +---------+---------+-------+---------+---------+-------
        D:1 |      26 |       3 |  10.3 |      15 |       2 |  11.8
        D:2 |      67 |       0 |   0.0 |       8 |       0 |   0.0
            +---------+---------+-------+---------+---------+-------
